 Seeded DCSS version 0.28-a0-769-g550dbda0cd (webtiles) character file.

Game seed: 20211031 (custom seed)

200 a11behringer the Chopper (level 5, -2/46 HPs)
             Began as a Hill Orc Fighter on Oct 31, 2021.
             Slain by a gnoll (6 damage)
             ... on level 3 of the Dungeon on Nov 1, 2021.
             The game lasted 00:13:19 (4245 turns).

a11behringer the Chopper (Hill Orc Fighter)         Turns: 4245, Time: 00:13:19

Health: -2/46      AC: 11    Str: 20    XL:     5   Next: 78%
Magic:  5/5        EV:  9    Int:  8    God:
Gold:   147        SH:  4    Dex: 10    Spells: 4/4 levels left

rFire   . . .      SeeInvis +   a - +0 war axe
rCold   . . .      Faith    .   c - +0 buckler
rNeg    . . .      Spirit   .   b - +0 scale mail
rPois   .          Reflect  .   k - +2 helmet {SInv}
rElec   .          Harm     .   l - +0 cloak
rCorr   .          Rampage  .   (no gloves)
Will    .....                   (no boots)
Stlth   ..........              (no amulet)
HPRegen 0.15/turn               (no ring)
MPRegen 0.09/turn               (no ring)

@: studying Armour
A: no striking features
a: no special abilities


You were on level 3 of the Dungeon.
You visited 1 branch of the dungeon, and saw 4 of its levels.

You collected 147 gold pieces.

Inventory:

Hand Weapons
 a - a +0 war axe (weapon)
Missiles
 g - 2 throwing nets (quivered)
 j - 8 bolts
Armour
 b - a +0 scale mail (worn)
 c - a +0 buckler (worn)
 k - a +2 helmet of see invisible (worn)
 l - a +0 cloak (worn)
Wands
 n - a wand of iceblast (9)
Scrolls
 h - 3 scrolls of identify
 m - a scroll of acquirement {unknown}
Potions
 d - a potion of might
 e - 4 potions of curing
 f - a potion of cancellation {unknown}
 i - 2 potions of degeneration


   Skills:
 + Level 4.2 Fighting
 * Level 5.9 Axes
 * Level 5.0 Armour
 + Level 3.9 Shields


You had 4 spell levels left.
You didn't know any spells.
Your spell library was empty.

Dungeon Overview and Level Annotations

Branches:
Dungeon (4/15)
 Temple: D:4-7

Altars:


Message History

The gnoll barely misses you.
The gnoll shouts!
You block the gnoll's attack. The gnoll hits you with a +0 club.
You barely miss the gnoll. You closely miss the gnoll.
The gnoll hits you but does no damage. x3
You hit the gnoll but do no damage. You completely miss the gnoll.
The gnoll barely misses you. The gnoll hits you with a +0 spear.
You closely miss the gnoll. You slash the gnoll!
You kill the gnoll!
The gnoll hits you with a +0 spear.
You barely miss the gnoll. The gnoll closely misses you.
You closely miss the gnoll. You hit the gnoll.
The gnoll hits you with a +0 spear. The gnoll hits you but does no damage.
You block the gnoll's attack.
You barely miss the gnoll. x2; The gnoll hits you but does no damage.
The gnoll hits you with a +0 spear.
You hit the gnoll.
The gnoll is moderately wounded.
You hit the gnoll but do no damage. You block the gnoll's attack.
The gnoll hits you with a +0 spear! The gnoll hits you with a +0 flail.
* * * LOW HITPOINT WARNING * * *
You hit the gnoll but do no damage.
The gnoll is moderately wounded.
You hit the gnoll. The gnoll barely misses you.
The gnoll hits you but does no damage.
You closely miss the gnoll.
The gnoll is lightly wounded.
You hit the gnoll. The gnoll hits you but does no damage.
You block the gnoll's attack.
You barely miss the gnoll.
The gnoll is lightly wounded.
You hit the gnoll but do no damage. The gnoll hits you with a +0 spear.
* * * LOW HITPOINT WARNING * * *
The gnoll barely misses you. The gnoll hits you with a +0 spear.
* * * LOW HITPOINT WARNING * * *
You slash the gnoll!
The gnoll is almost dead.
You closely miss the gnoll. The gnoll barely misses you.
The gnoll hits you with a +0 spear.
You die...

#...#.# ####..#
##....#.[..##.#
..###...
###..#####รทรท#..###..#
.# ###...
#.............###..## .
##.#
#..............##.## .
...........#(#.##.#
#####...###....#.###
##..### ##........
#))## #........ #@##
#........ #gg#
####.#### #.## #.....
.. ####.. ..# #.. ..#
#.. ... #.. #... #..
#..


You could see 2 gnolls.

Vanquished Creatures
  A gnoll shaman (D:3)
  4 adders
  7 gnolls
  4 dart slugs
  6 ball pythons
  8 endoplasms
  4 giant cockroaches (D:1)
  5 goblins
  5 hobgoblins
  2 quokkas
  7 bats
  3 frilled lizards
  4 kobolds
  5 rats
65 creatures vanquished.

Notes
Turn   | Place    | Note
-------+----------+-------------------------------------------
     0 | D:1      | a11behringer the Hill Orc Fighter began the quest for the
                  | Orb.
     0 | D:1      | Reached XP level 1. HP: 19/19 MP: 1/1
   237 | D:1      | Reached XP level 2. HP: 7/27 MP: 2/2
   727 | D:1      | Found a faded altar of an unknown god.
   909 | D:1      | You fall into a shaft and drop 1 floor!
  1127 | D:2      | Reached XP level 3. HP: 17/33 MP: 3/3
  1941 | D:1      | Reached XP level 4. HP: 40/40 MP: 4/4
  2953 | D:2      | You fall into a shaft and drop 2 floors!
  2983 | D:4      | Noticed a phantom
  3048 | D:3      | Reached skill level 5 in Axes
  3048 | D:3      | Reached XP level 5. HP: 42/46 MP: 5/5
  3060 | D:3      | HP: 1/46 [gnoll (10)]
  4232 | D:3      | Reached skill level 5 in Armour
  4245 | D:3      | Slain by a gnoll

Illustrated notes

Levels and vault maps discovered:
D:1:      kennysheep_arrival_forest, layout_basic,
          shapermc_ecumenical_altar_venn, minmay_misc_feat_hallway,
          chequers_serial_rivers_micro_b, chequers_mini_garden,
          chequers_serial_rivers_small_b
D:2:      layout_basic, serial_curves, eino_curves_03, eino_curves_03,
          minmay_circled_x
D:3:      layout_rooms
D:4:      layout_loops_corners

Skill      XL: |  1  2  3  4  5 |
---------------+----------------+-----
Axes           | 3 4 5 |  5.9
Fighting       | 4 |  4.2
Armour         | 4 5 |  5.0
Shields        | |  3.9

Action                   |  1- 3 |  4- 6 || total
-------------------------+-------+-------++-------
Melee: War axe           |   109 |   114 ||   223
  Use: Scroll            |       |     4 ||     4
Armor: Scale mail        |    66 |    58 ||   124
Dodge: Dodged            |    53 |    40 ||    93
Block: Buckler           |    28 |    39 ||    67

Table legend: (Time is in decaauts)
 A = Elapsed time spent in this place.
 B = Non-inter-level travel time spent in this place.
 C = Inter-level travel time spent in this place.
 D = Time resting spent in this place.
 E = Time spent auto-exploring this place.
 F = Levels seen in this place.
 G = Mean time per level.
                   A        B        C        D        E       F      G
               +--------+--------+--------+--------+--------+-----+--------+
         Total |   4316 |   3415 |    901 |      0 |   2837 |   4 | 1079.0 |
       Dungeon |   4316 |   3415 |    901 |      0 |   2837 |   4 | 1079.0 |
               +--------+--------+--------+--------+--------+-----+--------+

Top non-repeatable levels by time:
     D:2: 1796 daAuts
     D:1: 1556 daAuts
     D:3: 908 daAuts
     D:4: 55 daAuts
